 Dungeon Crawl Stone Soup version 0.31-a0-175-g9f7f995f2b (webtiles) character file.

Game seed: 2314201230954357506

33 qw the Shooter (level 3, -1/21 HPs)
             Began as a Gargoyle Hunter on June 17, 2023.
             Slain by a gnoll
             ... wielding a +0 spear
              (3 damage)
             ... on level 2 of the Dungeon.
             The game lasted 00:00:15 (687 turns).

qw the Shooter (Gargoyle Hunter)                     Turns: 687, Time: 00:00:15

Health: -1/21      AC:  9    Str: 14    XL:     3   Next: 29%
Magic:  3/3        EV: 11    Int:  9    God:
Gold:   63         SH:  0    Dex: 15    Spells: 2/2 levels left

rFire   . . .        Y - +0 shortbow
rCold   . . .        (shield currently unavailable)
rNeg    + . .        c - +0 leather armour
rPois   inf          (no helmet)
rElec   +            (no cloak)
rCorr   .            g - +2 pair of gloves
SInv    .            (no boots)
Will    .....        (no amulet)
Stlth   ++           (no ring)
HPRegen 0.23/turn    (no ring)
MPRegen 0.08/turn

%: no passive effects
@: no status effects
A: sickness immunity, AC +3, negative energy resistance 1, electricity
resistance, torment resistance 1, petrification resistance
a: no special abilities


You were on level 2 of the Dungeon.
You visited 1 branch of the dungeon, and saw 2 of its levels.

You collected 63 gold pieces.


Innate Abilities, Weirdness & Mutations

You are immune to sickness and miasma.
Your stone body is resilient. (AC +3)
You are immune to poison.
You resist negative energy. (rN+)
You are resistant to electric shocks. (rElec)
You are resistant to unholy torment.
You are immune to petrification.


   Skills:
 + Level 2.1 Fighting
 - Level 5.1 Ranged Weapons
 - Level 1.5 Dodging
 - Level 1.1 Stealth


You had 2 spell levels left.
You didn't know any spells.
Your spell library was empty.

Inventory:

Hand Weapons
 Y - a +0 shortbow (weapon)
Armour
 c - a +0 leather armour (worn)
 g - a +2 pair of gloves (worn)
Scrolls
 a - a scroll of teleportation {unknown}
 b - a scroll of torment {unknown}
Potions
 h - a potion of resistance
 i - a potion of curing {unknown}

Dungeon Overview and Level Annotations

Branches:
Dungeon (2/15)

Altars:

Shops:
D:1 =


Message History

A gnoll comes into view. It is wielding a +0 spear.
674 ||| Stepping ~*~*~tactically~*~*~ (outnumbered). 2 gnolls come into view.
The gnoll shouts!
676 ||| Stepping ~*~*~tactically~*~*~ (outnumbered).
The gnoll misses you.
678 ||| Stepping ~*~*~tactically~*~*~ (outnumbered).
You shoot an arrow.
The arrow hits the gnoll but does no damage.
The gnoll hits you from afar with a +0 spear.
You shoot an arrow.
The arrow hits the gnoll but does no damage.
The gnoll barely misses you.
You shoot an arrow. The arrow completely misses the gnoll.
The arrow hits the gnoll but does no damage.
The gnoll is moderately wounded.
The gnoll barely misses you.
You shoot an arrow. The arrow barely misses the gnoll.
The gnoll hits you from afar with a +3 heavy spear!
The gnoll hits you from afar with a +0 spear. x2
You shoot an arrow. The arrow hits the gnoll!
The gnoll is almost dead.
The gnoll hits you from afar with a +3 heavy spear.
The gnoll hits you but does no damage.
You shoot an arrow. The arrow hits the gnoll.
You kill the gnoll!
The gnoll hits you but does no damage.
Your Ranged Weapons skill increases to level 5!
You shoot an arrow. The arrow barely misses the gnoll.
The gnoll barely misses you.
The gnoll hits you from afar with a +0 spear.
You shoot an arrow.
The arrow hits the gnoll but does no damage.
The gnoll closely misses you. The gnoll hits you but does no damage.
You shoot an arrow. The arrow hits the gnoll.
The gnoll is moderately wounded.
You hear an angry hiss.
The gnoll hits you but does no damage.
The gnoll hits you from afar with a +0 spear.
You die...

#.# #.#.# #.#
#%#.# #.# #.#.#
#.# #...(
##########.###....
#.................
#.###.#######....#
#.# #.# #..### #@#
#.# #..# #.# #.#
#..# .g.gg.gg....#
#..# ######.######
#..# #. #..# #.
#..### #. #..)%.
#. #.#<.. #.
######.#.##


You could see 2 gnolls.

Vanquished Creatures
  A gnoll (D:2)
  A dart slug (D:2)
  2 ball pythons (D:1)
  6 endoplasms
  A goblin (D:1)
  A hobgoblin (D:1)
  A bat (D:1)
  A frilled lizard (D:1)
  3 kobolds
  3 rats
20 creatures vanquished.

Notes
Turn   | Place    | Note
-------+----------+-------------------------------------------
     0 | D:1      | qw the Gargoyle Hunter began the quest for the Orb.
     0 | D:1      | Reached XP level 1. HP: 12/12 MP: 1/1
     0 | D:1      | 0 ||| qw: Version: 0.3-a-2-g5ab2908
     0 | D:1      | 0 ||| qw: Game counter: 201
     0 | D:1      | 0 ||| qw: Always use a shield: true
     0 | D:1      | 0 ||| qw: God list: Okawaru
     0 | D:1      | 0 ||| qw: Allow faded altars: false
     0 | D:1      | 0 ||| qw: Do Orc after D:15 true
     0 | D:1      | 0 ||| qw: Do second Lair branch before Depths: true
     0 | D:1      | 0 ||| qw: Lair rune preference: random
     0 | D:1      | 0 ||| qw: Plans: Normal, Zot:1-4, Slime:5, God:TSO, Crypt,
                  | Tomb, Abyss, Pan, Hells, Win
     0 | D:1      | 0 ||| PLANNING D:1-11
   185 | D:1      | Reached XP level 2. HP: 17/17 MP: 2/2
   286 | D:1      | Found a faded altar of an unknown god.
   563 | D:1      | Found Liesyta's Jewellery Boutique.
   576 | D:1      | 576 ||| SHOPLISTING amulet of faith (520 gold, have 63).
   576 | D:1      | 576 ||| SHOPLISTING dreamshard necklace {Acrobat *Dream}
                  | (2600 gold, have 63).
   576 | D:1      | 576 ||| SHOPLISTING ring of Evoni {Wiz Will+} (553 gold,
                  | have 63).
   576 | D:1      | 576 ||| SHOPLISTING ring of fire (325 gold, have 63).
   576 | D:1      | 576 ||| SHOPLISTING ring of protection from cold (325 gold,
                  | have 63).
   576 | D:1      | 576 ||| SHOPLISTING ring of protection from fire (325 gold,
                  | have 63).
   576 | D:1      | 576 ||| SHOPLISTING ring of resist corrosion (260 gold,
                  | have 63).
   584 | D:1      | 584 ||| UPGRADING to +2 pair of gloves.
   589 | D:1      | 589 ||| READING scroll labelled NOENKE BUCH.
   590 | D:1      | 590 ||| READING scroll labelled PAQEVU EBAES.
   591 | D:1      | 591 ||| READING scroll labelled NURCHE DIWI.
   592 | D:1      | 592 ||| DRINKING 2 glowing golden potions.
   593 | D:1      | 593 ||| DROPPING scroll of butterflies.
   655 | D:2      | Reached XP level 3. HP: 21/21 MP: 3/3
   674 | D:2      | 674 ||| Stepping ~*~*~tactically~*~*~ (outnumbered).
   676 | D:2      | 676 ||| Stepping ~*~*~tactically~*~*~ (outnumbered).
   678 | D:2      | 678 ||| Stepping ~*~*~tactically~*~*~ (outnumbered).
   685 | D:2      | Reached skill level 5 in Ranged Weapons
   685 | D:2      | HP: 1/21 [gnoll/+0 spear (6)]
   687 | D:2      | Slain by a gnoll

Levels and vault maps discovered:
D:1:      tarquinn_simple_flora_water_a, layout_basic,
          shapermc_ecumenical_altar_petra, serial_shops, shop
D:2:      layout_loops_ring, uniq_sigmund

Skill      XL: |  1  2  3 |
---------------+----------+-----
Ranged Weapons | 5 |  5.1
Fighting       | |  2.1
Dodging        | |  1.5
Stealth        | |  1.1

Action                     || total
---------------------------++-------
   Fire: Shortbow          ||    51
    Use: Scroll            ||     3
         Potion            ||     1
 Armour: Leather armour    ||     7
  Dodge: Dodged            ||     7

Table legend:
 A = Non-vault XP
 B = Vault XP
 C = Vault XP percentage of total XP
 D = Non-vault monster count
 E = Vault monster count
 F = Vault count percentage of total count
                 A         B        C        D         E       F
            +---------+---------+-------+---------+---------+-------
      Total |      48 |       0 |   0.0 |      20 |       0 |   0.0
            +---------+---------+-------+---------+---------+-------
        D:1 |      25 |       0 |   0.0 |      15 |       0 |   0.0
        D:2 |      23 |       0 |   0.0 |       5 |       0 |   0.0
            +---------+---------+-------+---------+---------+-------
